Map: Prion Terraces

Players

lesha - Winner!

  • Race: Terran Terran
  • League: Silver

onti

  • Race: Protoss Protoss
  • League: Silver

VOD

Have the link to the VOD?

Description

Time

  • Played on: Dec. 29, 2015, 8:03 a.m.
  • Length: 13:54
Show
View Real Time Build Order
Export as new Build Order

lesha Terran - Winner!

Build Orders: MMM Bio 

Get SALT Encoding   

  12  0:01  SCV  
  13  0:13  SCV  
  14  0:21  Supply Depot  
  14  0:25  SCV  
  16  0:42  SCV  
  16  0:44  Refinery  
  16  0:48  Barracks  
  16  0:54  SCV  
  17  1:07  SCV  
  18  1:19  SCV  
  19  1:31  SCV  
  20  1:38  Reaper  
  21  1:44  Orbital Command  
  21  1:53  Supply Depot  
  21  2:04  Command Center  
  21  2:15  Refinery  
  21  2:17  Barracks Reactor  
  21  2:19  SCV, Barracks  
  22  2:31  SCV  
  23  2:37  Factory  
  23  2:47  SCV  
  24  2:59  SCV  
  24  3:00  Marine x2  
  27  3:11  SCV, Barracks Tech Lab  
  28  3:16  Barracks  
  28  3:24  Starport  
  28  3:34  Orbital Command  
  29  3:41  SCV  
  29  3:48  Stimpack, Marine  
  29  3:49  Marine  
  29  3:51  Marauder  
  29  3:53  SCV  
  34  3:56  Engineering Bay  
  34  4:02  SCV  
  35  4:05  SCV  
  35  4:08  Starport Reactor  
  35  4:09  Barracks Reactor  
  36  4:14  SCV  
  36  4:15  Supply Depot  
  36  4:19  Supply Depot, Marine x2  
  36  4:23  Barracks  
  34  4:34  Marine  
  34  4:37  Marine x2  
  35  4:38  Factory Reactor  
  35  4:43  SCV x2  
  37  4:51  Marine x2  
  37  4:52  Marine  
  39  4:55  SCV x2  
  42  5:07  SCV x2  
  42  5:08  Marine x3  
  42  5:11  Medivac  
  49  5:22  SCV  
  49  5:23  SCV, Marine x2  
  49  5:27  Medivac  
  55  5:34  Missile Turret  
  55  5:38  Missile Turret  
  55  5:47  Supply Depot  
  53  6:05  Marine x5  
  53  6:09  Barracks Tech Lab  
  58  6:12  Medivac  
  58  6:13  Medivac  
  58  6:14  Combat Shields  
  62  6:23  Marine x5  
  68  6:25  SCV x2  
  69  6:37  SCV  
  69  6:39  Supply Depot  
  70  6:41  Supply Depot x2  
  70  6:50  Terran Infantry Weapons Level 1  
  72  7:01  SCV x2  
  72  7:03  Supply Depot  
  72  7:13  SCV  
  72  7:20  SCV  
  72  7:21  Marine x6  
  69  7:39  Marine x6  
  69  7:40  Medivac  
  69  7:41  Medivac  
  79  7:52  Armory  
  79  7:54  Engineering Bay  
  79  7:56  Marine x2  
  79  7:57  Marine  
  82  8:00  Command Center x2  
  82  8:04  Refinery  
  82  8:05  SCV x2  
  84  8:06  Refinery, Marine x3  
  87  8:14  Marine x3  
  87  8:17  SCV x2  
  92  8:21  Terran Infantry Armor Level 1  
  92  8:24  Marine  
  93  8:36  Marine  
  93  8:37  Marine x3  
  83  9:11  Marine x4  
  83  9:12  Marine x2  
  83  9:13  Medivac x2  
  93  9:26  Barracks  
  93  9:29  Marine x5  
  98  9:36  Marine  
  82  9:47  Marine x3  
  78  10:26  Marine x4  
  78  10:27  Marine x2  
  83  10:28  Medivac x2  
  87  10:36  Barracks Reactor  
  87  10:44  Marine x5  
  87  10:45  Marine  
  93  10:58  Medivac  
  93  11:02  Marine x2  
  97  11:05  Marine  
  98  11:13  Missile Turret, Marine x3  
  98  11:14  Marine x2  
  103  11:19  Marine  
  103  11:23  Orbital Command  
  104  11:28  Marine x2  
  104  11:31  Marine x2  
  108  11:36  Missile Turret  
  108  11:41  Marine x4  
  108  11:42  Medivac x2  
  108  11:45  Marine  
  108  11:46  Marine  
  118  11:49  Marine x2  
  118  11:58  Marine  
  118  11:59  Marine x3  
  119  12:03  Marine  
  102  12:40  Marine x4  
  102  12:41  Marine x4  
  108  12:44  Medivac x2  
  110  12:58  Marine x5  
  94  12:59  Marine x3  
  83  13:14  Medivac  
  83  13:16  Marine  
  85  13:23  Marine x3  
Show
View Real Time Build Order
Export as new Build Order

onti Protoss 

Build Orders: 1 Gate Expand 

Get SALT Encoding   

  12  0:01  Probe (Chrono Boost)  
  13  0:11  Probe (Chrono Boost)  
  14  0:21  Pylon  
  14  0:22  Probe (Chrono Boost)  
  15  0:39  Probe (Chrono Boost)  
  15  0:40  Gateway  
  16  0:43  Assimilator  
  17  0:50  Probe (Chrono Boost)  
  17  1:00  Probe (Chrono Boost)  
  18  1:23  Nexus  
  18  1:40  Probe (Chrono Boost)  
  18  1:46  Cybernetics Core  
  18  1:48  Pylon  
  18  1:50  Probe (Chrono Boost)  
  20  2:01  Probe (Chrono Boost)  
  20  2:03  Assimilator  
  20  2:12  Probe (Chrono Boost)  
  21  2:24  Warp Gate (Chrono Boost)  
  21  2:25  Adept (Chrono Boost)  
  21  2:29  Mothership Core (Chrono Boost)  
  25  2:50  Probe  
  25  2:59  Probe  
  25  3:02  Probe  
  25  3:04  Adept (Chrono Boost)  
  29  3:06  Pylon  
  29  3:10  Gateway  
  29  3:14  Probe, Robotics Facility  
  29  3:19  Probe  
  30  3:22  Pylon  
  31  3:36  Probe  
  31  3:37  Probe  
  31  3:40  Adept (Chrono Boost)  
  35  3:47  Probe  
  35  3:50  Gateway  
  35  3:55  Probe  
  37  4:02  Warp Prism  
  39  4:07  Gateway  
  39  4:40  Probe  
  39  4:41  Probe  
  41  4:49  Gateway  
  41  4:50  Probe  
  42  4:53  Probe  
  43  5:01  Probe  
  43  5:02  Adept x3  
  50  5:10  Observer  
  51  5:22  Robotics Facility  
  51  5:25  Robotics Bay  
  51  5:28  Pylon  
  51  5:31  Probe  
  51  5:32  Probe  
  51  5:35  Pylon  
  53  5:40  Pylon  
  53  5:41  Probe  
  53  5:44  Probe  
  53  5:45  Assimilator  
  55  6:01  Stalker  
  55  6:02  Stalker x2  
  61  6:29  Twilight Council  
  61  6:31  Pylon  
  61  6:36  Gateway  
  61  6:37  Disruptor x2  
  67  6:51  Stalker  
  61  7:11  Stalker x2  
  64  7:57  Gravitic Drive, Assimilator  
  64  8:02  Disruptor  
  67  8:12  Pylon  
  67  8:14  Probe x2  
  69  8:36  Nexus  
  69  8:38  Pylon  
  69  8:42  Pylon  
  69  9:05  Disruptor x2  
  75  9:22  Cybernetics Core  
  75  9:28  Pylon  
  75  9:31  Pylon  
  75  9:39  Gateway  
  75  9:41  Gateway  
  75  9:43  Gateway  
  52  10:23  Stalker  
  52  10:27  Disruptor x2  
  60  10:29  Stalker x3  
  60  10:30  Stalker x2  
  60  10:35  Probe x3  
  73  10:45  Probe x2  
  73  10:46  Probe  
  76  10:51  Stalker x4  
  76  10:56  Probe x3  
  84  11:03  Disruptor  
  90  11:05  Adept  
  90  11:06  Probe x2, Adept  
  90  11:07  Adept x2  
  100  11:16  Stalker x2  
  100  11:17  Stalker  
  106  11:19  Disruptor  
  38  13:31  Mothership Core  
Tags
 
Add a new tag
Caveats
  • Supply blocks, unpowered buildings, or Contaminate may cause inaccurate times.
  • Supply counts are checked every 10 seconds.